 Dungeon Sprint DCSS version 0.31-a0-851-g7ff8af7976 (webtiles) character file.

Game seed: 16613259778081638758

950 AiryTheDragon the Arsonist (level 7, -5/47 HPs)
             Began as a Demonspawn Fire Elementalist on Oct 7, 2023.
             Was an Initiate of Jiyva.
             Slain by a demonic crawler (10 damage)
             ... in the Dungeon (Sprint I: "Red Sonja").
             The game lasted 00:11:22 (339 turns).

AiryTheDragon the Arsonist (DsFE)                    Turns: 339, Time: 00:11:23

Health: -5/47      AC: 14    Str:  8    XL:     7   Next: 90%
Magic:  11/19      EV: 13    Int: 19    God:    Jiyva [......]
Gold:   152        SH:  0    Dex: 13    Spells: 10/23 levels left

rFire   . . .        e - +0 scythe
rCold   . . .        (shield currently unavailable)
rNeg    + . .        j - +2 robe {rN+}
rPois   .            k - +0 helmet
rElec   .            (no cloak)
rCorr   .            (no gloves)
SInv    .            (no boots)
Will    .....        (no amulet)
Stlth   +++          (no ring)
HPRegen 0.27/turn    (no ring)
MPRegen 0.16/turn

%: no teleportation
@: sanguine armoured
A: hooves 1, foul stench 1, sanguine armour 2
a: Renounce Religion


You were in the Dungeon.
You worshipped Jiyva.
Jiyva was noncommittal.
You visited 1 branch You collected 297 gold pieces.
You spent 145 gold pieces at shops.

Inventory:

Hand Weapons
 e - a +0 scythe (weapon)
 i - a +0 club
Armour
 a - a +0 robe
 h - a +1 leather armour of fire resistance
 j - a +2 robe of positive energy (worn)
 k - a +0 helmet (worn)
Wands
 f - a wand of iceblast (10)
Scrolls
 g - a scroll of fear
Potions
 b - a potion of magic
 c - 3 potions of curing
 d - a potion of heal wounds


   Skills:
 + Level 0.8 Fighting
 + Level 4.3 Dodging
 + Level 5.0 Stealth
 + Level 3.4 Unarmed Combat
 + Level 8.5 Spellcasting
 + Level 3.3 Conjurations
 + Level 10.9 Fire Magic
 * Level 4.1 Evocations


You had 10 spell levels left.
You knew the following spells:

 Your Spells              Type           Power      Damage    Failure   Level
a - Foxfire               Conj/Fire      100%       2x1d9     1%          1
b - Scorch                Fire           98%        2d9       1%          2
c - Flame Wave            Conj/Fire      35%        2d10      4%          4
d - Inner Flame           Hex/Fire       28%        N/A       2%          3
e - Volatile Blastmotes   Fire/Tloc      56%        2d14      2%          3

Your spell library contained the following spells:

 Spells                   Type           Power      Damage    Failure   Level


Dungeon Overview and Level Annotations

Branches:
Dungeon (1/1)

Altars:
Cheibriados
Dithmenos
Fedhas
Gozag
Hepliaklqana
Kikubaaqudgha
Makhleb
Nemelex Xobeh
Okawaru
Qazlal
Ru
Sif Muna
Trog
Uskayaw
Vehumet
Wu Jian
Xom
Yredelemnul
Jiyva
Lugonu

Shops:
D *

Annotations:
D Sonja


Innate Abilities, Weirdness & Mutations

You have large cloven feet.
You may rarely emit foul miasma when damaged in melee.
When seriously injured, your blood forms thick armour. (AC +9)


Message History

Casting: Scorch (safe; 1% risk of failure)
Confirm with . or Enter, or press ? or * to list all spells.
Flames lash the demonic crawler but do no damage.
The demonic crawler gives a hideous shriek! x4
The demonic crawler hits you!
You emit a cloud of foul miasma!
The demonic crawler closely misses you.
The demonic crawler completely misses you.
Casting: Scorch (safe; 1% risk of failure)
Confirm with . or Enter, or press ? or * to list all spells.
Casting: Flame Wave (dangerous; 4% risk of failure)
Press: ? - help, Dir - look around, f - activate A wave of flame ripples out!
The flame wave engulfs the demonic crawler!
The demonic crawler is moderately wounded. (Press . to intensify the flame waves.)
A wave of flame ripples out!
The flame wave engulfs the demonic crawler.
The demonic crawler is lightly wounded.
The flame wave engulfs the demonic crawler!
The demonic crawler is moderately wounded.
The flame wave engulfs the demonic crawler!
The demonic crawler is moderately wounded.
The demonic crawler barely misses you. The demonic crawler hits you!
Your blood congeals into armour.
The demonic crawler hits you!
* * * LOW HITPOINT WARNING * * *
The demonic crawler hits you!
* * * LOW HITPOINT WARNING * * *
The demonic crawler closely misses you.
The demonic crawler hits you but does no damage.
A wave of flame ripples out!
The flame wave engulfs the demonic crawler!
The demonic crawler is lightly wounded.
The flame wave engulfs the demonic crawler!
The demonic crawler is moderately wounded.
The flame wave engulfs the demonic crawler.
The demonic crawler is moderately wounded.
The flame wave engulfs the demonic crawler!
The demonic crawler is moderately wounded.
You finish channelling waves of flame.
The demonic crawler hits you!
You die...

##################
.#..'..#__#......#
.'..#..'.....#..s##+#
'#####.#__####..@ss.#
.#...#§####§[#####s.+
##..##.#§~§.c ##
_##'#§§.§~~.§
......_#§~~.c#
_##_.#+##.#### _###.#
... ## #.# ### ...


You could see 4 demonic crawlers.

Vanquished Creatures
  2 kobold demonologists (D)
  A slime creature (D)
  Sigmund (D)
  A yak (D)
  An ogre (D)
  Ijyb (D)
7 creatures vanquished.

Vanquished Creatures (others)
  2 shining eyes (D)
  2 unseen horrors (D)
  2 floating eyes (D)
  A redback (D)
  7 necrophages (D)
  9 jellies (D)
  3 foxfires (D)
26 creatures vanquished.

Grand Total: 33 creatures vanquished

Notes
Turn   | Place    | Note
-------+----------+-------------------------------------------
     0 | D        | AiryTheDragon the Demonspawn Fire Elementalist began the
                  | quest for the Orb.
     0 | D        | Reached XP level 1. HP: 13/13 MP: 3/3
     3 | D        | Noticed Ijyb
    16 | D        | Killed Ijyb
    17 | D        | Reached skill level 4 in Fire Magic
    17 | D        | Gained mutation: When seriously injured, your blood forms
                  | armour. (AC +9) [demonic ancestry]
    17 | D        | Reached XP level 2. HP: 9/19 MP: 2/5
    34 | D        | Learned a level 2 spell: Scorch
    59 | D        | Noticed an ogre
    69 | D        | Killed an ogre
    70 | D        | Reached skill level 1 in Unarmed Combat
    70 | D        | Reached skill level 6 in Fire Magic
    70 | D        | Reached XP level 3. HP: 24/24 MP: 1/8
    70 | D        | Gained mutation: You may rarely emit foul miasma when
                  | damaged in melee. [demonic ancestry]
    70 | D        | Reached XP level 4. HP: 30/30 MP: 1/10
    80 | D        | Noticed Sigmund
    83 | D        | Killed Sigmund
    84 | D        | Reached skill level 5 in Spellcasting
    84 | D        | Reached skill level 8 in Fire Magic
    84 | D        | Gained mutation: When seriously injured, your blood forms
                  | thick armour. (AC +9) [demonic ancestry]
    84 | D        | Reached XP level 5. HP: 27/36 MP: 4/13
    84 | D        | Reached XP level 6. HP: 31/42 MP: 4/14
   116 | D        | Found a burning altar of Makhleb.
   116 | D        | Found a viscous altar of Jiyva.
   116 | D        | Found a shimmering altar of Xom.
   116 | D        | Found a corrupted altar of Lugonu.
   116 | D        | Noticed a slime creature
   126 | D        | Killed a slime creature
   127 | D        | Reached skill level 9 in Fire Magic
   133 | D        | Became a worshipper of Jiyva Jaxzumis the Shapeless
   139 | D        | Found an ornate altar of the Wu Jian Council.
   139 | D        | Found a shimmering blue altar of Sif Muna.
   141 | D        | Found a radiant altar of Vehumet.
   144 | D        | Noticed a centaur warrior
   145 | D        | Noticed a centaur warrior
   181 | D        | Noticed a yak
   182 | D        | Killed an unseen horror
   183 | D        | Learned a level 4 spell: Flame Wave
   185 | D        | Killed an unseen horror
   188 | D        | Learned a level 3 spell: Inner Flame
   192 | D        | Learned a level 3 spell: Volatile Blastmotes
   197 | D        | Killed a yak
   199 | D        | Found Kurohoc's General Store.
   199 | D        | Found an ancient bone altar of Kikubaaqudgha.
   199 | D        | Found a hazy altar of Hepliaklqana.
   199 | D        | Found a hide-covered altar of Uskayaw.
   199 | D        | Found a basalt altar of Yredelemnul.
   199 | D        | Found an opulent altar of Gozag.
   199 | D        | Found a snail-covered altar of Cheibriados.
   199 | D        | Found a sacrificial altar of Ru.
   199 | D        | Found a shadowy altar of Dithmenos.
   200 | D        | Found a stormy altar of Qazlal.
   200 | D        | Found a blossoming altar of Fedhas.
   200 | D        | Found a bloodstained altar of Trog.
   200 | D        | Found an iron altar of Okawaru.
   201 | D        | Found a sparkling altar of Nemelex Xobeh.
   205 | D        | Bought a scroll of fear for 40 gold pieces
   205 | D        | Bought a potion of curing for 30 gold pieces
   205 | D        | Bought a potion of curing for 30 gold pieces
   205 | D        | Bought a +0 helmet for 45 gold pieces
   212 | D        | Noticed a floating eye
   236 | D        | Noticed a shining eye
   237 | D        | Noticed Sonja
   246 | D        | Noticed a kobold demonologist
   247 | D        | Killed a redback
   250 | D        | Noticed a kobold demonologist
   256 | D        | Noticed a smoke demon
   256 | D        | Killed a kobold demonologist
   257 | D        | Reached skill level 10 in Fire Magic
   257 | D        | Gained mutation: You have large cloven feet. [demonic
                  | ancestry]
   257 | D        | Reached XP level 7. HP: 46/47 MP: 10/18
   258 | D        | Killed a kobold demonologist
   259 | D        | Reached skill level 5 in Stealth
   321 | D        | Killed a shining eye
   328 | D        | Killed a shining eye
   335 | D        | Noticed a demonic crawler
   335 | D        | Noticed a demonic crawler
   335 | D        | Noticed a demonic crawler
   335 | D        | Noticed a demonic crawler
   339 | D        | Slain by a demonic crawler

Illustrated notes

Levels and vault maps discovered:
D:        dungeon_sprint_1 [red_sonja_temple_1, red_sonja_temple_small_1]

Skill      XL: |  1  2  3  4  5  6  7 |
---------------+----------------------+-----
Dodging        | 2 3 4 |  4.3
Stealth        | 2 3 4 5 |  5.0
Fire Magic     | 4 6 8 10 | 10.9
Unarmed Combat | 1 2 3 |  3.4
Spellcasting   | 4 5 7 8 |  8.5
Conjurations   | 2 3 |  3.3
Evocations     | 3 4 |  4.1
Fighting       | |  0.8

Action                     |  1- 3 |  4- 6 |  7- 9 || total
---------------------------+-------+-------+-------++-------
  Melee: Unarmed           |    11 |       |       ||    11
         Halberd           |       |     2 |       ||     2
   Cast: Foxfire           |     2 |       |       ||     2
         Scorch            |     1 |    11 |     3 ||    15
         Flame Wave        |       |     1 |     1 ||     2
  Evoke: Wand              |     1 |       |       ||     1
    Use: Potion            |     2 |     2 |       ||     4
         Scroll            |       |     1 |       ||     1
   Stab: Sleeping          |       |     1 |       ||     1
 Armour: Robe              |     3 |     6 |     6 ||    15
         Leather armour    |       |     1 |       ||     1
  Dodge: Dodged            |     4 |     3 |     4 ||    11

Table legend: (Time is in decaauts)
 A = Elapsed time spent in this place.
 B = Non-inter-level travel time spent in this place.
 C = Inter-level travel time spent in this place.
 D = Time resting spent in this place.
 E = Time spent auto-exploring this place.
 F = Levels seen in this place.
 G = Mean time per level.
                   A        B        C        D        E       F      G
               +--------+--------+--------+--------+--------+-----+--------+
         Total |    331 |    331 |      0 |    159 |      0 |   1 |  331.0 |
       Dungeon |    331 |    331 |      0 |    159 |      0 |   1 |  331.0 |
               +--------+--------+--------+--------+--------+-----+--------+

Top non-repeatable levels by time:
       D: 331 daAuts
